 Dungeon Crawl Stone Soup version 0.29-a0-613-gf2c431b9b9 (webtiles) character file.

Game seed: 12775942192017382152

1 moldycheese5 the Skirmisher (level 1, 0/18 HPs)
             Began as a Demonspawn Berserker on June 16, 2022.
             Was a Follower of Trog.
             Slain by a frilled lizard (1 damage)
             ... on level 1 of the Dungeon.
             The game lasted 00:00:08 (20 turns).

moldycheese5 the Skirmisher (Demonspawn Berserker)    Turns: 20, Time: 00:00:09

Health: 0/18       AC:  2    Str: 17    XL:     1   Next: 16%
Magic:  1/1        EV: 12    Int:  8    God:    Trog [*.....]
Gold:   0          SH:  0    Dex: 12    Spells: 0/0 levels left

rFire   . . .      SeeInvis .   a - +0 falchion
rCold   . . .      Faith    .   (no shield)
rNeg    . . .      Spirit   .   b - +0 animal skin
rPois   .          Reflect  .   (no helmet)
rElec   .          Harm     .   (no cloak)
rCorr   .          Rampage  .   (no gloves)
Will    .....                   (no boots)
Stlth   +.........              (no amulet)
HPRegen 0.06/turn               (no ring)
MPRegen 0.07/turn               (no ring)

@: no status effects
A: no striking features
a: Renounce Religion, Berserk


You were on level 1 of the Dungeon.
You worshipped Trog.
Trog was aware of your devotion.
You visited 1 branch of the dungeon, and saw 1 of its levels.

Inventory:

Hand Weapons
 a - a +0 falchion (weapon)
Armour
 b - a +0 animal skin (worn)


   Skills:
 + Level 3.0 Fighting
 + Level 2.7 Long Blades
 + Level 1.7 Armour
 + Level 1.7 Dodging


You couldn't memorise any spells.
You didn't know any spells.
Your spell library was empty.

Dungeon Overview and Level Annotations

Branches:
Dungeon (1/15)

Altars:


Message History

The kobold shouts!
You hear an angry hiss.
A frilled lizard comes into view.
There are monsters nearby!
Found a red potion.
Found a murky golden potion.
The kobold hits you with a +0 whip.
You closely miss the kobold.
A frilled lizard comes into view.
The frilled lizard bites you. The kobold hits you but does no damage.
You barely miss the kobold. The kobold hits you but does no damage.
You hit the kobold but do no damage. The kobold hits you with a +0 whip.
The frilled lizard barely misses you.
You closely miss the kobold. The frilled lizard barely misses you.
The frilled lizard closely misses you. The kobold hits you with a +0 whip.
You are too injured to fight recklessly!
You are too injured to fight recklessly!
You are too injured to fight recklessly!
You are too injured to fight recklessly!
You are too injured to fight recklessly!
You hit the kobold.
You kill the kobold!
Trog accepts your kill. The frilled lizard closely misses you.
The frilled lizard bites you but does no damage.
An endoplasm comes into view.
The frilled lizard bites you. The frilled lizard closely misses you.
Things that are here:
a +0 whip; a stone The endoplasm quivers.
The frilled lizard bites you.
* * * LOW HITPOINT WARNING * * *
You hit the frilled lizard.
You kill the frilled lizard!
Trog accepts your kill. The endoplasm freezes you.
You are frozen.
* * * LOW HITPOINT WARNING * * *
The frilled lizard bites you.
* * * LOW HITPOINT WARNING * * *
The endoplasm barely misses you. The frilled lizard bites you.
You die...

#. #. ##.##
##...## #
##.....##!#
#.......#.#
#.......>.##.
#.!..@J......
###...l###...
#..)...#
###...##
##.....#
#.....##
##.....#
#.#....#
###....#


You could see an endoplasm and a frilled lizard.

Vanquished Creatures
  A kobold (D:1)
  A frilled lizard (D:1)
2 creatures vanquished.

Notes
Turn   | Place    | Note
-------+----------+-------------------------------------------
     0 | D:1      | moldycheese5 the Demonspawn Berserker began the quest for
                  | the Orb.
     0 | D:1      | Reached XP level 1. HP: 18/18 MP: 1/1
    20 | D:1      | Slain by a frilled lizard

Illustrated notes

Levels and vault maps discovered:
D:1:      minmay_arrival_jagged, layout_loops_ring,
          hellmonk_ecumenical_altar_inner_sanctum

Action                   || total
-------------------------++-------
Melee: Falchion          ||     6
Armor: Animal skin       ||     3
Dodge: Dodged            ||     6

Table legend: (Time is in decaauts)
 A = Elapsed time spent in this place.
 B = Non-inter-level travel time spent in this place.
 C = Inter-level travel time spent in this place.
 D = Time resting spent in this place.
 E = Time spent auto-exploring this place.
 F = Levels seen in this place.
 G = Mean time per level.
                   A        B        C        D        E       F      G
               +--------+--------+--------+--------+--------+-----+--------+
         Total |     20 |     20 |      0 |      0 |      7 |   1 |   20.0 |
       Dungeon |     20 |     20 |      0 |      0 |      7 |   1 |   20.0 |
               +--------+--------+--------+--------+--------+-----+--------+

Top non-repeatable levels by time:
     D:1: 20 daAuts
